 Dungeon Crawl Stone Soup version 0.21.1-1-g345015fe64 (webtiles) character file.

1628 Ivernyr the Covered (level 8, 0/62 HPs)
             Began as a Demonspawn Skald on Apr 26, 2018.
             Was a Follower of Nemelex Xobeh.
             Killed from afar by Joseph (24 damage)
             ... with a wand of acid (9)
             ... on level 7 of the Dungeon.
             The game lasted 00:21:11 (7537 turns).

Ivernyr the Covered (Demonspawn Skald)              Turns: 7537, Time: 00:21:11

Health: 0/62       AC:  2    Str: 11    XL:     8   Next: 65%
Magic:  9/11       EV: 15    Int: 15    God:    Nemelex Xobeh [*.....]
Gold:   378        SH:  0    Dex: 18    Spells: 3/11 levels left

rFire    x . .     SeeInvis .   a - +0 falchion
rCold    + . .     Gourm    .   (no shield)
rNeg     + + .     Faith    .   b - +0 leather armour
rPois    .         Spirit   .   (no helmet)
rElec    +         Reflect  .   p - +0 cloak
rCorr    .         Harm     .   v - +0 pair of gloves
MR       +....                  (no boots)
Stlth    +.........             (no amulet)
HPRegen  0.20/turn              y - ring "Totholu" {Ice *Contam rElec rN++ Dex+3}
MPRegen  0.12/turn              o - ring of protection from magic

@: shrouded, corroded
A: talons 1, repulsion field 2, demonic guardian 1
a: Renounce Religion


You were on level 7 of the Dungeon.
You worshipped Nemelex Xobeh.
Nemelex Xobeh was aware of your devotion.
You were not hungry.

You visited 1 branch of the dungeon, and saw 7 of its levels.

You collected 378 gold pieces.

Inventory:

Hand Weapons
 a - a +0 falchion (weapon)
Armour
 b - a +0 leather armour (worn)
 m - a +0 shield
 p - a +0 cloak (worn)
 v - a +0 pair of gloves (worn)
Jewellery
 f - an uncursed ring of positive energy
 o - a ring of protection from magic (right hand)
 y - the ring "Totholu" (left hand) {Ice *Contam rElec rN++ Dex+3}
   (You found it on level 5 of the Dungeon)

   [ring of ice]

   It enhances your ice magic.
   It affects your dexterity (+3).
   It makes you vulnerable to fire.
   It protects you from cold.
   It insulates you from electricity.
   It greatly protects you from negative energy.
   It causes magical contamination when unequipped.
Wands
 g - a wand of paralysis (12)
 s - a wand of scattershot (5)
Scrolls
 e - a scroll of blinking {unknown}
 h - 2 scrolls of amnesia {unknown}
 i - 3 scrolls of teleportation {unknown}
 j - 7 scrolls of identify {unknown}
 k - 4 scrolls of remove curse {unknown}
 n - a scroll of enchant weapon {unknown}
 t - a scroll of magic mapping {unknown}
 w - a scroll of fear {unknown}
 A - 2 scrolls of fog {unknown}
Potions
 q - a potion of heal wounds {unknown}
 u - 2 potions of might {unknown}
 x - a potion of curing
Books
 c - a book of Battle

   Spells                             Type                      Level
   a - Infusion                       Charms                       1
   b - Shroud of Golubria             Charms/Translocation         2
   c - Song of Slaying                Charms                       2
   d - Spectral Weapon                Hexes/Charms                 3
   e - Regeneration                   Charms/Necromancy            3
Miscellaneous
 l - a plain deck of destruction {drawn: 5}
 r - a plain deck of destruction
Comestibles
 d - 8 rations


   Skills:
 + Level 5.2 Fighting
 - Level 3.0 Long Blades
 * Level 6.4 Armour
 - Level 1.7 Dodging
 - Level 2.0 Spellcasting
 + Level 5.2 Charms
 + Level 4.9 Invocations


You had 3 spell levels left.
You knew the following spells:

 Your Spells              Type           Power        Failure   Level  Hunger
a - Shroud of Golubria    Chrm/Tloc      #.........   14%         2    ###....
b - Song of Slaying       Chrm           ###.....     4%          2    ###....
c - Infusion              Chrm           ###.         3%          1    #......
d - Regeneration          Chrm/Necr      #.........   28%         3    ###....


Dungeon Overview and Level Annotations

Branches:
Dungeon (7/15)
 Temple: D:4-7

Altars:
Cheibriados
Elyvilon
Nemelex Xobeh
Sif Muna
Yredelemnul

Annotations:
D:7 Joseph


Innate Abilities, Weirdness & Mutations

You have sharp toenails.
You are surrounded by a moderate repulsion field. (EV +3)
A weak demonic guardian rushes to your aid.


Message History

You hit Joseph.
Joseph is lightly wounded.
Joseph barely misses you.
You hit Joseph.
Joseph is lightly wounded.
Joseph zaps a wand.
The bolt of acid hits you! The acid corrodes you!
You are splashed with acid!
The acid burns!
It is a wand of acid (9).
You hit Joseph but do no damage.
Joseph is lightly wounded.
Joseph barely misses you.
You hit Joseph but do no damage.
Joseph is lightly wounded.
Your shroud bends Joseph's attack away.
Joseph unwields an uncursed quarterstaff.
Joseph wields an uncursed hunting sling.
Joseph shoots a sling bullet.
The sling bullet hits you!
You see here a sling bullet.
Joseph zaps a wand.
The bolt of acid hits you!
You die...
Your body disappears without a glow.

#......... #[........
######......... ..
.@....(.(.=.... ...#.
######.((...... ...#.
##.#######
#....#############@######
................(.........
........####.##@###.####..
........# #..#.###.####
........#####+#.5......
...............###....###
#. ...............###.....
..#...
########........##....##
#.#... #........#
#....###.#.#+# ##....<..#
#.............
####....###.##..##.#....


You could see Joseph and a friendly iron imp (wandering).

Vanquished Creatures
  Edmund (D:5)
  2 ice beasts (D:6)
  An orc warrior (D:6)
  A necrophage (D:7)
  2 bullfrogs
  A scorpion (D:4)
  2 howler monkeys
  2 crimson imps (D:5)
  A bullfrog zombie (D:5)
  A hound (D:6)
  3 orc wizards
  A bullfrog skeleton (D:5)
  Jessica (D:2)
  2 centaur skeletons
  An iguana (D:5)
  A worker ant (D:5)
  A killer bee zombie (D:6)
  A hound zombie (D:6)
  A worker ant zombie (D:6)
  A gnoll (D:1)
  7 adders
  A shadow imp (D:5)
  3 oozes
  An adder zombie (D:5)
  An adder skeleton (D:4)
  2 worms (D:2)
  3 dart slugs
  7 leopard geckos
  19 orcs
  11 giant cockroaches
  7 goblins
  11 hobgoblins
  6 jackals
  8 kobolds
  4 quokkas
  A ball python (D:2)
  10 bats
  4 frilled lizards
  A leopard gecko zombie (D:6)
  A quokka zombie (D:5)
  5 rats
140 creatures vanquished.

Vanquished Creatures (collateral kills)
  The ghost of Dox the Sneak, an amateur OpFi (D:3)
  An ogre (D:4)
  Blork the orc (D:4)
  A bullfrog (D:6)
  A scorpion (D:5)
  A jelly (D:6)
  An iguana (D:6)
  A worker ant (D:2)
  A hound skeleton (D:4)
  A howler monkey skeleton (D:6)
  An adder (D:7)
  An orc (D:6)
  A jackal (D:6)
  A jackal skeleton (D:4)
14 creatures vanquished.

Grand Total: 154 creatures vanquished

Notes
Turn   | Place    | Note
-------+----------+-------------------------------------------
     0 | D:1      | Ivernyr the Demonspawn Skald began the quest for the Orb.
     0 | D:1      | Reached XP level 1. HP: 16/16 MP: 3/3
     6 | D:1      | Reached skill level 1 in Armour
   103 | D:1      | Gained mutation: You are surrounded by a mild repulsion field. (EV +2) [demonic ancestry]
   103 | D:1      | Reached XP level 2. HP: 15/22 MP: 5/5
   222 | D:1      | Learned a level 2 spell: Song of Slaying
   225 | D:1      | Learned a level 2 spell: Shroud of Golubria
   614 | D:1      | Gained mutation: You have sharp toenails. [demonic ancestry]
   614 | D:1      | Reached XP level 3. HP: 26/28 MP: 6/6
   817 | D:1      | Reached skill level 2 in Armour
  1686 | D:2      | Gained mutation: A weak demonic guardian rushes to your aid. [demonic ancestry]
  1686 | D:2      | Reached XP level 4. HP: 20/34 MP: 7/7
  1828 | D:2      | Found a deep blue altar of Sif Muna.
  2039 | D:2      | Noticed Jessica
  2053 | D:2      | Killed Jessica
  2054 | D:2      | Reached XP level 5. HP: 40/40 MP: 6/8
  2256 | D:3      | Reached skill level 3 in Armour
  2269 | D:3      | Noticed Dox's ghost (amateur OpFi)
  2280 | D:3      | Killed Dox's ghost
  2280 | D:3      | Gained mutation: You are surrounded by a moderate repulsion field. (EV +3) [demonic ancestry]
  2280 | D:3      | Reached XP level 6. HP: 47/47 MP: 6/9
  2649 | D:3      | Found a sparkling altar of Nemelex Xobeh.
  2726 | D:3      | Became a worshipper of Nemelex Xobeh the Trickster
  2873 | D:3      | Received a gift from Nemelex Xobeh
  3020 | D:4      | Reached skill level 1 in Invocations
  3421 | D:4      | Reached skill level 4 in Armour
  3653 | D:4      | Noticed Blork the orc
  3687 | D:4      | Killed Blork the orc
  4201 | D:4      | Reached XP level 7. HP: 46/53 MP: 5/10
  4522 | D:4      | Learned a level 3 spell: Regeneration
  4615 | D:4      | Found a snail-covered altar of Cheibriados.
  4631 | D:5      | Entered Level 5 of the Dungeon
  4631 | D:5      | Found a basalt altar of Yredelemnul.
  4656 | D:5      | Noticed Edmund
  4692 | D:5      | Killed Edmund
  4970 | D:5      | Found a basalt altar of Yredelemnul.
  5332 | D:5      | Received a gift from Nemelex Xobeh
  5519 | D:5      | Reached skill level 5 in Armour
  5816 | D:5      | Got a warped wooden ring
  5828 | D:5      | Reached * piety under Nemelex Xobeh
  5998 | D:6      | Reached XP level 8. HP: 12/61 MP: 7/11
  6375 | D:6      | Found a white marble altar of Elyvilon.
  6618 | D:6      | Identified the ring "Totholu" {Ice *Contam rElec rN++ Dex+3} (You found it on level 5 of the Dungeon)
  6741 | D:6      | Reached skill level 6 in Armour
  6741 | D:6      | Reached skill level 5 in Charms
  6743 | D:6      | Reached skill level 5 in Fighting
  6993 | D:6      | Identified Sif Muna's Grimoire of Fire and the Compass
  7517 | D:7      | Noticed Joseph
  7537 | D:7      | Killed from afar by Joseph

Skill      XL: |  1  2  3  4  5  6  7  8 |
---------------+-------------------------+-----
Armour         | 1 2 3 4 5 6 |  6.4
Long Blades    | 2 3 |  3.0
Charms         | 3 4 5 |  5.2
Fighting       | 3 4 5 |  5.2
Invocations    | 2 3 4 |  4.9
Dodging        | |  1.7
Spellcasting   | |  2.0

Action                   |  1- 3 |  4- 6 |  7- 9 || total
-------------------------+-------+-------+-------++-------
Melee: Falchion          |   137 |   194 |   212 ||   543
       Kick              |    17 |    53 |    74 ||   144
 Cast: Shroud of Golubri |     5 |    17 |    28 ||    50
       Song of Slaying   |       |     7 |     2 ||     9
Evoke: Deck              |       |       |     5 ||     5
  Use: Potion            |     1 |       |     3 ||     4
 Stab: Sleeping          |     1 |     1 |       ||     2
       Distracted        |       |       |     1 ||     1
  Eat: Chunk             |     1 |     9 |    14 ||    24
       Ration            |     1 |       |       ||     1
Armor: Leather armour    |    36 |    41 |    62 ||   139
Dodge: Dodged            |   126 |   155 |   168 ||   449
       Rpst.: Falchion   |    31 |    42 |    58 ||   131
